 Dungeon Crawl Stone Soup version 0.29.1-2-gbd0b4ee654 (webtiles) character file.

Game seed: 15071526498089666116

237 qeuew the Shield-Bearer (level 6, 0/49 HPs)
             Began as a Vine Stalker Fighter on Nov 8, 2022.
             Slain by a gnoll
             ... wielding a +0 halberd
              (7 damage)
             ... on level 4 of the Dungeon.
             The game lasted 00:03:14 (3048 turns).

qeuew the Shield-Bearer (Vine Stalker Fighter)      Turns: 3048, Time: 00:03:15

Health: 0/49       AC:  5    Str: 18      XL:     6   Next: 6%
Magic:  0/25       EV: 10    Int:  8      God:
Gold:   128        SH:  5    Dex: 14 (16) Spells: 5/5 levels left

rFire   . . .      SeeInvis .   a - +0 war axe
rCold   . . .      Faith    .   c - +0 buckler
rNeg    . . .      Spirit   +   l - +1 leather armour of Defiance {Rampage MP+9}
rPois   .          Reflect  .   (no helmet)
rElec   .          Harm     .   (no cloak)
rCorr   .          Rampage  +   (no gloves)
Will    .....                   e - +0 pair of boots
Stlth   ..........              (no amulet)
HPRegen 0.96/turn               h - ring of magical power
MPRegen 0.19/turn               (no ring)

@: berserking, very quick
A: fangs 2, regeneration 1, magic shield, antimagic bite, no potion heal 2
a: no special abilities


You were on level 4 of the Dungeon.
You visited 1 branch of the dungeon, and saw 4 of its levels.

You collected 128 gold pieces.

Inventory:

Hand Weapons
 a - a +0 war axe (weapon)
Armour
 c - a +0 buckler (worn)
 e - a +0 pair of boots (worn)
 l - the +1 leather armour of Defiance (worn) {Rampage MP+9}
   (You found it on level 2 of the Dungeon)

   MP:        It affects your magic capacity (+9).
   Rampage:   It bestows one free step when moving towards enemies.
Jewellery
 h - a ring of magical power (left hand)
Scrolls
 f - a scroll of teleportation
 g - 2 scrolls of identify
 j - 2 scrolls of blinking
Potions
 d - 2 potions of might
 i - 3 potions of curing
 k - a potion of cancellation


   Skills:
 + Level 3.7 Fighting
 + Level 3.1 Axes
 + Level 3.4 Armour
 + Level 3.7 Shields


You had 5 spell levels left.
You didn't know any spells.
Your spell library contained the following spells:

 Spells                   Type           Power      Damage    Failure   Level
 Sublimation of Blood     Necr           0%         N/A       71%         2
 Petrify                  Tmut/Erth      0%         N/A       100%        4
 Irradiate                Conj/Tmut      0%         3d11      100%        5


Dungeon Overview and Level Annotations

Branches:
Dungeon (4/15)
 Temple: D:4-7

Altars:
Ashenzari
Dithmenos
Fedhas
Vehumet
Xom
Yredelemnul


Innate Abilities, Weirdness & Mutations

You have extremely sharp teeth.
Your natural rate of healing is unusually fast.
When hurt, damage is shared between your health and your magic reserves.
Your bite disrupts and absorbs the magic of your enemies.
Potions cannot restore your health.


Message History

You feel very sick. The adder completely misses you.
The gnoll hits you but does no damage.
The gnoll hits you with a +2 flail of protection.
The gnoll barely misses you. The adder closely misses you.
You hit the gnoll. You bite the gnoll, but do no damage.
The gnoll is moderately wounded.
You hit the adder.
You kill the adder!
You hit the gnoll.
You feel sick.
The gnoll hits you from afar with a +0 halberd!
The gnoll barely misses you. The gnoll hits you with a +0 flail.
You block the gnoll's attack. x2; The gnoll closely misses you.
You feel your intelligence returning.
You hit the gnoll. You bite the gnoll. You drain its power.
You feel invigorated.
The gnoll is almost dead.
You hit the gnoll but do no damage.
You feel sick. The gnoll hits you but does no damage.
The gnoll hits you with a +2 flail of protection.
The gnoll hits you with a +0 flail.
You barely miss the gnoll. Your bite misses the gnoll.
The gnoll is almost dead.
You barely miss the gnoll.
You feel sick. The gnoll closely misses you.
The gnoll hits you with a +2 flail of protection!
* * * LOW HITPOINT WARNING * * *
The gnoll closely misses you.
Unknown command.
You closely miss the gnoll.
The gnoll is severely wounded.
You hit the gnoll but do no damage.
You feel sick.
You are no longer poisoned.
The gnoll barely misses you. You block the gnoll's attack.
The gnoll hits you with a +0 flail.
* * * LOW HITPOINT WARNING * * *
You block the gnoll's attack. The gnoll misses you.
You block the gnoll's attack.
A red film seems to cover your vision as you go berserk!
You feel yourself moving faster!
You feel mighty!
The gnoll hits you from afar with a +0 halberd!
You die...

#. #.## .... #..#
#..# #g.# #.g# #..
####g@######..##.##.
#..............)....
#.##.##.#######...##
# #.##.## ##.....##
#.....# ##.......##
##....###.........#
#.......'.........'
.......####.........#
#####.## ##.......##


You could see 3 gnolls.

Vanquished Creatures
  A necrophage (D:3)
  An orc priest (D:3)
  2 gnolls
  5 adders
  2 worms
  A dart slug (D:1)
  4 orcs (D:3)
  5 endoplasms
  10 giant cockroaches
  6 goblins
  3 hobgoblins
  7 jackals
  4 kobolds
  3 quokkas
  5 ball pythons
  6 bats
  3 frilled lizards (D:1)
  3 rats (D:1)
71 creatures vanquished.

Notes
Turn   | Place    | Note
-------+----------+-------------------------------------------
     0 | D:1      | qeuew the Vine Stalker Fighter began the quest for the Orb.
     0 | D:1      | Reached XP level 1. HP: 11/11 MP: 2/2
   102 | D:1      | Reached XP level 2. HP: 13/16 MP: 3/3
   672 | D:1      | Reached XP level 3. HP: 15/20 MP: 4/4
  1191 | D:2      | Gained mutation: Your natural rate of healing is unusually
                  | fast. [Vine Stalker growth]
  1191 | D:2      | Reached XP level 4. HP: 24/24 MP: 5/5
  1605 | D:2      | Identified the +1 leather armour of Defiance {Rampage MP+9}
  2095 | D:3      | Found a basalt altar of Yredelemnul.
  2095 | D:3      | Found a shimmering altar of Xom.
  2095 | D:3      | Found a radiant altar of Vehumet.
  2096 | D:3      | Found a blossoming altar of Fedhas.
  2097 | D:3      | Found a broken altar of Ashenzari.
  2098 | D:3      | Found a shadowy altar of Dithmenos.
  2130 | D:3      | Reached XP level 5. HP: 22/28 MP: 6/6
  3043 | D:4      | Reached XP level 6. HP: 26/33 MP: 7/7
  3048 | D:4      | Slain by a gnoll

Illustrated notes

Levels and vault maps discovered:
D:1:      dpeg_arrival_solitude, layout_basic
D:2:      layout_basic, minivault_14, interstate_on_off
D:3:      layout_basic, grunt_temple_overflow_open
D:4:      kennysheep_six_static_rooms, layout_loops_corners,
          kennysheep_mini_moat, amcnicky_mini_pool_small

Skill      XL: |  1  2  3  4  5 |
---------------+----------------+-----
Axes           | 2 3 |  3.1
Fighting       | 3 |  3.7
Shields        | 3 |  3.7
Armour         | 3 |  3.4

Action                   |  1- 3 |  4- 6 || total
-------------------------+-------+-------++-------
Melee: War axe           |    69 |   104 ||   173
       Bite              |     9 |    25 ||    34
  Use: Potion            |     4 |     1 ||     5
       Scroll            |     2 |     3 ||     5
 Stab: Sleeping          |       |     1 ||     1
Armor: Scale mail        |    32 |    19 ||    51
       Leather armour    |       |    25 ||    25
Dodge: Dodged            |    34 |    59 ||    93
Block: Buckler           |    13 |    42 ||    55
